← All builds
Tech / Armada / Economy first / OBSERVED BUILD

Standard tech

Armada Tech (Eco) build order · Supreme Isthmus

Rushes T2 by 4:15, gets Advanced Metal Extractor around 5:28, hands off T2 constructors to Geo and the team, then scales eco and supplies the team's T2 needs through the rest of the game.

Usually first T2 con to Geo (83%)

#eco #t2 #team support · 1579 distinct matches · 255 players · 58% of Armada Tech games · team won 53% of 1874 · Recently observed

HOW TO PLAY IT

Key timing: T2 factory by 4:15

  1. Open 3 mex and heavy wind to fund a fast T2 rush.
  2. Put down Bot Lab, planning to eat it for reclaim soon after.
  3. Get Advanced Bot Lab up, hitting the T2 factory rush timing.
  4. Upgrade mex to Advanced Metal Extractor to lock in team metal income.
  5. Eat Advanced Bot Lab and keep sending cons to Geo and Pond.

Phase by phase

TYPICAL OF ITS 1579 GAMES
  1. 1
  2. 2
  3. 3
  4. 4
PLAY THE OPENING

Follow the example game's first 6:00 step by step: what to build now, what comes next, and where it goes. At 1× it keeps pace with your own game.

  1. 1

    Up to the Bot Lab

    Economy
    • Metal Extractor3Mex
    • Wind Turbine4Wind
    Order
    1. Bot LabBot Lab after 3 mex, 4 winddone ~1:18, middle half 1:13–1:32

    Some games also: energy storage (31%)

    By 1:01 in all: 3 mex · 4 wind

    The example game in this phase · 3 steps
    1. Mex ×3
    2. Wind ×6
    3. Bot LabBot Labdone 1:30 · typical 1:18
  2. 2

    Bot Lab to Advanced Bot Lab

    Economy
    • Metal Extractor1Mex
    • Wind Turbine8Wind
    • Energy Storage1Energy storage
    Order
    1. Advanced Bot LabAdvanced Bot Lab after 4 mex, 12 wind, 3 con turretdone ~4:16, middle half 4:04–4:30
    Builders
    • Construction Turret3 Con turret
    • Lazarus3 Lazarus
    • Construction Bot2 Con bot
    • Construction Bot1 Con bot for allies

    Some games also: converter (36%)

    By 3:18 in all: 4 mex · 12 wind · 1 energy storage · 3 con turret

    The example game in this phase · 13 steps
    1. LazarusLazarus ×2
    2. Wind
    3. LazarusLazarus
    4. PawnPawnfor Beach sea
    5. Wind
    6. LazarusLazarus
    7. Wind ×2
    8. LazarusLazarus ×2
    9. Construction BotCon bot ×2
    10. Energy storage
    11. Con turret
    12. Mex
    13. Advanced Bot LabAdvanced Bot Labdone 4:50 · typical 4:16
  3. 3

    Advanced Bot Lab to 5:00

    Economy
    • Wind Turbine3Wind
    Order
    1. Bot LabEat Bot Lab
    Builders
    • Advanced Construction Bot1 T2 con bot for allies

    Some games also: converter (35%)

    By 5:00 in all: 4 mex · 15 wind · 1 converter · 1 energy storage · 3 con turret

    The example game in this phase · 4 steps
    1. Wind ×2
    2. Con turret
    3. Bot LabEat Bot Labreclaimed for its metal
    4. FatboyFatboyfor Ponddone 5:19
  4. 4

    5:00 to 10:00

    Economy
    • Wind Turbine43Wind
    • Energy Converter6Converter
    Builders
    • Butler9 Butler
    • Advanced Construction Bot4 T2 con bot for allies
    • Advanced Construction Bot1 T2 con bot

    Some games also: con turret (43%) · Butler for allies (36%)

    By 10:00 in all: 4 mex · 58 wind · 8 converter · 1 energy storage · 3 con turret

    The example game in this phase · 172 steps
    1. Advanced Construction BotT2 con botfor Geo
    2. Wind ×2
    3. Advanced Metal ExtractorT2 mexdone 6:27 · typical 5:29
    4. Wind ×7
    5. Advanced Construction BotT2 con bot
    6. Wind ×6
    7. Advanced Metal ExtractorT2 mex
    8. Wind ×5
    9. Advanced Metal ExtractorT2 mex
    10. Wind ×2
    11. Advanced Construction BotT2 con botfor Air
    12. Con turret
    13. Advanced Metal ExtractorT2 mex
    14. Wind ×4
    15. Advanced Construction BotT2 con botfor Geo sea
    16. Wind ×2
    17. Advanced Construction BotT2 con botfor Beach sea
    18. Wind ×6
    19. Advanced Construction BotT2 con botfor Pond
    20. Wind ×2
    21. ButlerButler
    22. Wind
    23. ButlerButler
    24. Wind
    25. ButlerButler
    26. Con turret
    27. ButlerButler
    28. Wind
    29. Con turret
    30. ButlerButler ×7
    31. Wind
    32. ButlerButler
    33. Wind
    34. ButlerButler
    35. Wind ×2
    36. Converter
    37. ButlerButler
    38. Wind ×2
    39. ButlerButler
    40. Wind
    41. Converter
    42. Wind
    43. ButlerButler
    44. Wind
    45. Energy storage
    46. ButlerButler
    47. Converter
    48. Wind ×2
    49. ButlerButler
    50. Wind
    51. Converter
    52. Wind
    53. UmbrellaAnti-nukedone 12:00
    54. Wind ×3
    55. Converter
    56. Wind ×2
    57. Converter
    58. Wind ×3
    59. Converter
    60. Wind
    61. Converter
    62. Wind ×3
    63. Converter
    64. Wind ×2
    65. Converter
    66. Wind ×3
    67. Converter
    68. Wind ×4
    69. Converter
    70. Wind ×2
    71. Converter
    72. Wind ×2
    73. ButlerButler
    74. Wind ×2
    75. Converter
    76. Wind ×2
    77. ButlerButler
    78. Wind
    79. Converter
    80. Wind ×3
    81. Converter
    82. Wind ×2
    83. Converter
    84. Wind
    85. ButlerButler
    86. Wind
    87. Converter
    88. Wind ×3
    89. Converter
    90. Wind ×3
    91. Converter
    92. Wind
    93. Converter
    94. Wind ×4
    95. Converter ×2
    96. Wind ×7
    97. Converter
    98. Wind
    99. Converter
    100. Wind ×5
    101. Fusion ReactorFusionnot finished by 15:00
    102. Converter ×2
    103. Wind ×5
    104. HoundHound
    105. Converter
    106. Wind ×5
    107. Converter
    108. Wind ×2
    109. Converter
    110. Wind ×3
    111. Converter
    112. Wind ×2
    113. Converter
    114. Wind ×3
    115. Converter
    116. Wind ×2
    117. Converter
    118. Wind ×5
    119. Converter
    120. PlatypusPlatypus
    121. Wind ×4
    122. Converter
    123. Wind
    124. Converter
    125. Wind ×5
    126. Converter
    127. Wind ×2
    128. Converter
    129. Wind ×3
    130. PlatypusPlatypus
    131. Wind ×2
    132. Converter
    133. Wind ×3
    134. Converter
    135. Wind ×5
    136. Converter
    137. Wind
    138. PlatypusPlatypus
    139. Wind ×3
    140. Converter ×2
    141. Wind ×6
    142. PlatypusPlatypus
    143. Converter
    144. Wind ×2
    145. Converter
    146. Wind ×5
    147. Converter
    148. Wind ×2
    149. Converter
    150. Wind ×2
    151. PlatypusPlatypus
    152. Wind ×5
    153. Converter
    154. Wind ×2
    155. Converter
    156. Wind ×4
    157. Converter
    158. Wind ×3
    159. Converter
    160. Wind ×6
    161. Converter
    162. Wind
    163. Converter
    164. Wind ×7
    165. Converter
    166. Wind ×3
    167. Converter
    168. Wind ×3
    169. Converter
    170. Wind ×4
    171. Converter
    172. Wind ×2

Counts are medians over the build's games: half of them build more, half fewer. The example game is [BAC]Prime_Hybrid's (34 OS, 04/08/2026); pick another.

Team trades

IN AT LEAST 30% OF ITS GAMES

You hand over

  • Construction Bot1 Con bot to Airfirst at 2:23 · in 84% of games
  • Advanced Construction Bot5 T2 con bot to Air or Geo sea or Pondfirst at 4:50 · in 99% of games
  • Butler2 Butler to Geo sea or Beach sea or Pondfirst at 9:07 · in 42% of games

You get

  • Hercules1 Light transport from Airfirst at 4:01 · in 86% of games

How it plays out

Typical game of this build, running totals by minute

Metal produced

020k40k
0:005:0010:0015:00

metal

Enemy metal destroyed

050100
0:005:0010:0015:00

metal

Own metal lost

050100150
0:005:0010:0015:00

metal

1874 games.

Show as table
ByMetal produced: This buildEnemy metal destroyed: This buildOwn metal lost: This build
1:0038300
2:0091500
3:00165100
4:00314400
5:00484700
6:00580000
7:00722700
8:00906100
9:001117300
10:001350300
11:001624200
12:001965600
13:002344500
14:0027362073
15:003154285130
WHAT THE NUMBERS SAY

Standard Tech play barely fights at all early, instead pouring metal into T2 infrastructure and constructors for the team.

  • + Metal produced hits 31679 by 15:00, by far the highest of any role here.
  • + T2 factory reached in 97% of games by 4:15, fastest and most reliable T2 timing.
  • − Enemy metal destroyed stays at 0 through 10:00, no early offense at all.
  • − Own metal lost also near 0, showing total avoidance of combat risk.
THE EXAMPLE YOU ARE READING

[BAC]Prime_Hybrid

33.5 OS · 04/08/2026

Open source match ↗

3 received units
4690 metal received · 25802 energy received

Allied construction assistance is unknown. Timings are observations, not a promise of solo reproducibility.

Typical milestones

Bot Lab1:18Middle 50%: 1:13–1:32 · n=1874
Advanced Bot Lab4:16Middle 50%: 4:04–4:30 · n=1867
Advanced Metal Extractor5:29Middle 50%: 5:05–5:59 · n=1870

Played most by

Amrissa93games of this buildTheGeneraI66games of this buildAdeus57games of this buildEl_Turco56games of this buildKOT_43games of this build